[Event "XIII Mediterranean Championship 2023"]
[Site "Castell-Platja d Aro"]
[Date "2023.11.08"]
[Round "6.22"]
[White "Vinas Racionero, Josep"]
[Black "Andreu Lopez, Santiago"]
[Result "0-1"]
[ECO "B07"]
[WhiteElo "2075"]
[BlackElo "1834"]
[Annotator "NA RC"]
[PlyCount "46"]
[EventDate "2023.10.26"]
[EventType "swiss"]
[EventCountry "ESP"]
[SourceTitle "playchess.com"]
[Source "ChessBase"]
[SourceQuality "1"]
[TimeControl "5400+30"]

1. e4 g6 2. d4 Bg7 3. Be3 d6 4. Nc3 Nf6 5. f3 c6 6. Qd2 Qa5 7. Bc4 b5 8. Bb3 Qc7 9. Nge2 a5 10. a3 Nbd7 11. O-O Ba6 12. Kh1 O-O 13. Rfe1 b4 14. axb4 axb4 15. Na4 c5 16. dxc5 dxc5 17. e5 Qxe5 18. Bf4 Qh5 19. g4 Nxg4 20. fxg4 Bb7+ 21. Kg1 Qxg4+ 22. Bg3 Qf3 23. Nf4 Bd4+ 0-1

[Event "XIII Mediterranean Championship 2023"]
[Site "Castell-Platja d Aro"]
[Date "2023.11.08"]
[Round "6.23"]
[White "Garcia Paolicchi, Raul"]
[Black "Vidal Palou, Jordi"]
[Result "1-0"]
[ECO "D37"]
[WhiteElo "2051"]
[BlackElo "1620"]
[Annotator "NA RC"]
[PlyCount "75"]
[EventDate "2023.10.26"]
[EventType "swiss"]
[EventCountry "ESP"]
[SourceTitle "playchess.com"]
[Source "ChessBase"]
[SourceQuality "1"]
[TimeControl "5400+30"]

1. d4 d5 2. c4 e6 3. Nf3 Nf6 4. Nc3 Be7 5. Bf4 O-O 6. e3 Bd6 7. c5 Bxf4 8. exf4 b6 9. b4 bxc5 10. bxc5 Ba6 11. Bxa6 Nxa6 12. O-O c6 13. Qa4 Nb8 14. Ne5 Qc7 15. Rfe1 Nfd7 16. Re3 Nxe5 17. fxe5 f5 18. exf6 Rxf6 19. Rae1 Kf7 20. Qd1 Nd7 21. Qh5+ Kg8 22. Rxe6 Rxe6 23. Rxe6 Nf6 24. Qe2 Qa5 25. Qe3 h6 26. h3 Rc8 27. g3 Qd8 28. Kg2 a5 29. Qe5 Qf8 30. f4 Rb8 31. Rxc6 Rb2+ 32. Kf3 Rc2 33. Nxd5 Nxd5 34. Qxd5+ Kh8 35. Qe6 Qa8 36. Kg4 h5+ 37. Kxh5 g6+ 38. Kg4 1-0

[Event "XIII Mediterranean Championship 2023"]
[Site "Castell-Platja d Aro"]
[Date "2023.11.08"]
[Round "6.24"]
[White "Vidal Traves, Marti"]
[Black "Alonso Gimenez, Mauro"]
[Result "0-1"]
[ECO "A40"]
[WhiteElo "1631"]
[BlackElo "1978"]
[Annotator "NA RC"]
[PlyCount "94"]
[EventDate "2023.10.26"]
[EventType "swiss"]
[EventCountry "ESP"]
[SourceTitle "playchess.com"]
[Source "ChessBase"]
[SourceQuality "1"]
[TimeControl "5400+30"]

1. d4 e5 2. dxe5 d6 3. Nf3 Nc6 4. Bg5 Be7 5. Bxe7 Ngxe7 6. exd6 cxd6 7. e4 Qb6 8. b3 Bg4 9. Be2 O-O-O 10. c4 f5 11. Nfd2 Bxe2 12. Qxe2 Qd4 13. Nc3 Qxc3 14. O-O Nd4 15. Qd1 Qd3 16. Nf3 Nxf3+ 17. Qxf3 Qxf3 18. gxf3 Rhe8 19. Rad1 Ng6 20. Rfe1 Nh4 21. Re3 f4 22. Red3 Re6 23. c5 Kc7 24. Kf1 Ng6 25. Ke2 Ne5 26. Rd5 Nc6 27. Rh5 h6 28. Rf5 g5 29. h4 dxc5 30. Rxd8 Kxd8 31. Rxc5 Re5 32. Rc1 gxh4 33. Rd1+ Kc7 34. Kf1 Rg5 35. Ke2 h3 36. Kd3 h2 37. Rh1 Rg2 38. Ke2 Nd4+ 39. Kf1 Rg1+ 40. Rxg1 hxg1=Q+ 41. Kxg1 Nxf3+ 42. Kg2 Ne5 43. Kh3 Kd6 44. Kh4 Nf7 45. Kh5 Ke5 46. f3 Nd6 47. Kxh6 Nxe4 0-1

[Event "XIII Mediterranean Championship 2023"]
[Site "Castell-Platja d Aro"]
[Date "2023.11.08"]
[Round "6.25"]
[White "Vinals Rioja, Jaume"]
[Black "Zvereva, Marija"]
[Result "0-1"]
[ECO "B23"]
[WhiteElo "1838"]
[BlackElo "2144"]
[Annotator "RC"]
[PlyCount "34"]
[EventDate "2023.10.26"]
[EventType "swiss"]
[EventCountry "ESP"]
[SourceTitle "playchess.com"]
[Source "ChessBase"]
[SourceQuality "1"]
[TimeControl "5400+30"]

1. e4 c5 2. Nc3 Nc6 3. Bb5 g6 4. d3 Bg7 5. Bxc6 bxc6 6. f4 d6 7. Nf3 Nf6 8. O-O O-O 9. Qe1 Ne8 10. b3 Nc7 11. a4 Rb8 12. Bb2 Ne6 13. Nd1 Nxf4 14. Bxg7 Kxg7 15. e5 Qd7 16. Nf2 d5 17. Qc3 Ne2+ 0-1

[Event "XIII Mediterranean Championship 2023"]
[Site "Castell-Platja d Aro"]
[Date "2023.11.08"]
[Round "6.26"]
[White "Lunin Bohomolets, Iliia"]
[Black "Vinolas Anglada, Laura"]
[Result "1/2-1/2"]
[ECO "C78"]
[WhiteElo "1850"]
[BlackElo "1884"]
[Annotator "NA RC"]
[PlyCount "70"]
[EventDate "2023.10.26"]
[EventType "swiss"]
[EventCountry "ESP"]
[SourceTitle "playchess.com"]
[Source "ChessBase"]
[SourceQuality "1"]
[TimeControl "5400+30"]

1. e4 e5 2. Nf3 Nc6 3. Bb5 a6 4. Ba4 Nf6 5. O-O b5 6. Bb3 Bb7 7. d3 Bc5 8. Be3 d6 9. Bxc5 dxc5 10. a4 O-O 11. Nc3 b4 12. Ne2 Qd6 13. Ng3 Bc8 14. h3 Nd4 15. Nxd4 cxd4 16. a5 Rd8 17. Qf3 Be6 18. Nf5 Qd7 19. Ba4 c6 20. Bxc6 Qc7 21. Bxa8 Rxa8 22. Rfc1 Rb8 23. Qg3 Bxf5 24. exf5 Rb5 25. Qf3 Nd5 26. f6 gxf6 27. Qg4+ Kh8 28. Qf5 Rc5 29. Re1 Qc6 30. Re4 Nf4 31. g3 Ng6 32. Re2 Kg7 33. Qe4 Qc7 34. Qa8 Rxa5 35. Rxa5 Qxa5 1/2-1/2

[Event "XIII Mediterranean Championship 2023"]
[Site "Castell-Platja d Aro"]
[Date "2023.11.08"]
[Round "6.27"]
[White "Giro Castellet, Esteve"]
[Black "Canigueral Salvado, Jaume"]
[Result "0-1"]
[ECO "C01"]
[WhiteElo "1633"]
[BlackElo "1853"]
[Annotator "NA RC"]
[PlyCount "70"]
[EventDate "2023.10.26"]
[EventType "swiss"]
[EventCountry "ESP"]
[SourceTitle "playchess.com"]
[Source "ChessBase"]
[SourceQuality "1"]
[TimeControl "5400+30"]

1. d4 e6 2. e4 d5 3. exd5 exd5 4. Be2 Nf6 5. Bg5 Be7 6. Nf3 h6 7. Bf4 Be6 8. Nbd2 c6 9. O-O O-O 10. c3 Nbd7 11. Qc2 c5 12. Rfe1 Rc8 13. Rac1 Qb6 14. Nb3 c4 15. Nbd2 Bd6 16. Ne5 Bxe5 17. dxe5 Ng4 18. Bxg4 Bxg4 19. Be3 Qc7 20. Bd4 Nc5 21. Re3 Nd3 22. Rd1 Bxd1 23. Qxd1 Qe7 24. Rg3 Qe6 25. Qf3 Rc6 26. Qe3 Kh7 27. b3 b5 28. Nf3 Qf5 29. e6 f6 30. e7 Re8 31. Nh4 Qh5 32. Nf3 Qf7 33. Nh4 Rxe7 34. Rxg7+ Qxg7 35. Qe1 Qf7 0-1

[Event "XIII Mediterranean Championship 2023"]
[Site "Castell-Platja d Aro"]
[Date "2023.11.08"]
[Round "6.28"]
[White "Leon Escoda, Manel"]
[Black "Diaz Comas, Jordi"]
[Result "0-1"]
[ECO "B00"]
[WhiteElo "1682"]
[BlackElo "1837"]
[Annotator "NA RC"]
[PlyCount "122"]
[EventDate "2023.10.26"]
[EventType "swiss"]
[EventCountry "ESP"]
[SourceTitle "playchess.com"]
[Source "ChessBase"]
[SourceQuality "1"]
[TimeControl "5400+30"]

1. e4 Nc6 2. d4 e5 3. dxe5 Nxe5 4. Nf3 Ng6 5. Bc4 Bc5 6. Bxf7+ Kf8 7. Bxg8 Rxg8 8. Ng5 Rh8 9. Qd5 Qe7 10. Qf5+ Kg8 11. Nxh7 Nh4 12. Qd5+ Kxh7 13. Bg5 Nxg2+ 14. Kf1 Ne3+ 15. fxe3 Qd6 16. Qxd6 Bxd6 17. Ke2 Be5 18. Nc3 Bxc3 19. bxc3 d6 20. Raf1 Be6 21. Kd3 Bxa2 22. c4 b5 23. cxb5 Be6 24. Ra1 Bc8 25. Rhf1 Kg6 26. h4 Re8 27. c4 Bb7 28. Rf4 a6 29. Rg1 Kh7 30. h5 axb5 31. h6 bxc4+ 32. Kc3 Rf8 33. Rxf8 Rxf8 34. hxg7 Rg8 35. Bf6 Bxe4 36. Kxc4 c6 37. Kd4 Bd5 38. e4 Be6 39. Rg2 c5+ 40. Ke3 Re8 41. Rh2+ Kg6 42. Rh8 Bg8 43. Bb2 d5 44. e5 d4+ 45. Ke4 Kxg7 46. Rh2 Bh7+ 47. Kd5 Rc8 48. Kc4 Bg8+ 49. Kd3 Rb8 50. Rf2 Bd5 51. Rh2 Rb3+ 52. Kc2 Re3 53. Kd2 Rxe5 54. Re2 Rf5 55. Rh2 Kg6 56. Re2 Kf6 57. Rh2 Ke5 58. Re2+ Be4 59. Rh2 Kd5 60. Rh8 Rf2+ 61. Kc1 Rc2+ 0-1

[Event "XIII Mediterranean Championship 2023"]
[Site "Castell-Platja d Aro"]
[Date "2023.11.08"]
[Round "6.29"]
[White "Parramon Arimany, Marc"]
[Black "Teixidor Banus, Josep Maria"]
[Result "1-0"]
[ECO "B06"]
[WhiteElo "1834"]
[BlackElo "1669"]
[Annotator "NA RC"]
[PlyCount "57"]
[EventDate "2023.10.26"]
[EventType "swiss"]
[EventCountry "ESP"]
[SourceTitle "playchess.com"]
[Source "ChessBase"]
[SourceQuality "1"]
[TimeControl "5400+30"]

1. e4 d6 2. d4 g6 3. f4 e6 4. Nf3 Bg7 5. c3 Ne7 6. Bd3 a6 7. Be3 b6 8. Nbd2 Bb7 9. O-O Nd7 10. Qe2 O-O 11. h4 Nf6 12. Ng5 h6 13. Nh3 h5 14. f5 Ng4 15. fxe6 fxe6 16. Rxf8+ Qxf8 17. Rf1 Qe8 18. Ng5 Bc8 19. Ndf3 b5 20. Nh2 e5 21. Bc2 Nf6 22. Bb3+ d5 23. dxe5 Ng4 24. Nxg4 Bxg4 25. Qf2 c6 26. e6 dxe4 27. Qf7+ Kh8 28. Bd4 Nf5 29. Rxf5 1-0

[Event "XIII Mediterranean Championship 2023"]
[Site "Castell-Platja d Aro"]
[Date "2023.11.08"]
[Round "6.30"]
[White "Garcia Rodriguez, Laia"]
[Black "Ballo Serrano, Jan"]
[Result "0-1"]
[ECO "C54"]
[WhiteElo "1811"]
[BlackElo "1512"]
[Annotator "NA RC"]
[PlyCount "120"]
[EventDate "2023.10.26"]
[EventType "swiss"]
[EventCountry "ESP"]
[SourceTitle "playchess.com"]
[Source "ChessBase"]
[SourceQuality "1"]
[TimeControl "5400+30"]

1. e4 e5 2. Nf3 Nc6 3. Bc4 Nf6 4. d3 Bc5 5. c3 d6 6. Bb3 h6 7. Nbd2 Bb6 8. O-O O-O 9. Re1 Ne7 10. Nf1 c6 11. h3 Ng6 12. Ng3 Be6 13. Bc2 Nh7 14. d4 Nh4 15. dxe5 Nxf3+ 16. Qxf3 dxe5 17. Nf5 Qf6 18. Be3 Ng5 19. Qg3 Rfd8 20. f3 Rd2 21. Bb3 Bxb3 22. axb3 Bxe3+ 23. Nxe3 Rxb2 24. h4 Ne6 25. b4 Nf4 26. Kh1 Rd8 27. Red1 Nd3 28. Rf1 Nf4 29. Rfd1 Nd3 30. Rf1 Nf4 31. Rfd1 a6 32. Rab1 Rxb1 33. Rxb1 Rd2 34. Rd1 Rxd1+ 35. Nxd1 Qd8 36. Qe1 Qd3 37. Ne3 Ne2 38. Nd1 b6 39. Nb2 Qc2 40. Nd1 a5 41. Ne3 Qd3 42. bxa5 Qxe3 43. a6 b5 44. a7 Qxa7 45. Qxe2 Qa1+ 46. Kh2 Qxc3 47. Qd1 b4 48. Qd8+ Kh7 49. Qd7 Qc4 50. Qf5+ g6 51. Qxe5 b3 52. Qf6 Qe6 53. Qc3 c5 54. Qb2 c4 55. Qc3 Qd6+ 56. Kh3 Qd3 57. Qf6 Kg8 58. Qe5 Qd7+ 59. Kh2 Qb7 60. Qb2 c3 0-1

[Event "XIII Mediterranean Championship 2023"]
[Site "Castell-Platja d Aro"]
[Date "2023.11.08"]
[Round "6.31"]
[White "Burset Camps, Guillem"]
[Black "Moran Cabezas, Eric"]
[Result "0-1"]
[ECO "E14"]
[WhiteElo "1408"]
[BlackElo "1736"]
[Annotator "NA RC"]
[PlyCount "34"]
[EventDate "2023.10.26"]
[EventType "swiss"]
[EventCountry "ESP"]
[SourceTitle "playchess.com"]
[Source "ChessBase"]
[SourceQuality "1"]
[TimeControl "5400+30"]

1. d4 Nf6 2. Nf3 d5 3. c4 e6 4. e3 Be7 5. Nc3 O-O 6. Bd3 Nbd7 7. O-O b6 8. b3 Bb7 9. Bb2 c5 10. cxd5 exd5 11. Rc1 Rc8 12. Qe2 Re8 13. Ba6 Bxa6 14. Qxa6 Ra8 15. Rc2 Qc8 16. Qe2 Qb7 17. Rfc1 Rac8 0-1

[Event "XIII Mediterranean Championship 2023"]
[Site "Castell-Platja d Aro"]
[Date "2023.11.08"]
[Round "6.32"]
[White "Hernando Rodrigo, Inmaculada"]
[Black "Delbos, Jean-Louis"]
[Result "1/2-1/2"]
[ECO "C63"]
[WhiteElo "1734"]
[BlackElo "1573"]
[Annotator "NA RC"]
[PlyCount "81"]
[EventDate "2023.10.26"]
[EventType "swiss"]
[EventCountry "ESP"]
[SourceTitle "playchess.com"]
[Source "ChessBase"]
[SourceQuality "1"]
[TimeControl "5400+30"]

1. e4 e5 2. Nf3 Nc6 3. Bb5 f5 4. Bxc6 dxc6 5. O-O fxe4 6. Nxe5 Qd4 7. Ng4 Bxg4 8. Qxg4 Nf6 9. Qe6+ Be7 10. Re1 Qd5 11. Qh3 O-O 12. d3 Bc5 13. Be3 Bxe3 14. Rxe3 exd3 15. Nc3 Qc5 16. cxd3 Rae8 17. Rae1 Rxe3 18. Qxe3 Qxe3 19. fxe3 Ng4 20. h3 Ne5 21. d4 Nd3 22. Re2 c5 23. d5 a6 24. e4 Ne5 25. b3 Rf6 26. Na4 b6 27. Nb2 c6 28. Nc4 Nxc4 29. bxc4 cxd5 30. cxd5 Kf7 31. e5 Rf5 32. e6+ Ke8 33. Rd2 c4 34. d6 Re5 35. e7 Kd7 36. Kf2 c3 37. Re2 Rxe2+ 38. Kxe2 b5 39. a3 a5 40. Kd3 b4 41. Kc2 1/2-1/2

[Event "XIII Mediterranean Championship 2023"]
[Site "Castell-Platja d Aro"]
[Date "2023.11.09"]
[Round "7.1"]
[White "Asis Gargatagli, Hipolito"]
[Black "Iermito, Sebastian"]
[Result "1/2-1/2"]
[ECO "C77"]
[WhiteElo "2511"]
[BlackElo "2521"]
[Annotator "RC"]
[PlyCount "61"]
[EventDate "2023.10.26"]
[EventType "swiss"]
[EventCountry "ESP"]
[SourceTitle "playchess.com"]
[Source "ChessBase"]
[SourceQuality "1"]
[TimeControl "5400+30"]

1. e4 e5 2. Nf3 Nc6 3. Bb5 a6 4. Ba4 d6 5. Nc3 Nf6 6. Bxc6+ bxc6 7. d4 exd4 8. Nxd4 c5 9. Nc6 Qd7 10. Na5 Be7 11. O-O O-O 12. Qf3 Rb8 13. b3 Ng4 14. Bb2 Bf6 15. h3 Ne5 16. Qg3 Ng6 17. Rad1 Re8 18. f4 Bd4+ 19. Kh1 f5 20. Rde1 Ne7 21. e5 Ng6 22. exd6 cxd6 23. Qf3 Rxe1 24. Rxe1 Bb7 25. Nxb7 Qxb7 26. Re8+ Rxe8 27. Qxb7 Re1+ 28. Kh2 Bg1+ 29. Kh1 Bf2+ 30. Kh2 Bg1+ 31. Kh1 1/2-1/2

[Event "XIII Mediterranean Championship 2023"]
[Site "Castell-Platja d Aro"]
[Date "2023.11.09"]
[Round "7.2"]
[White "Garriga Cazorla, Pere"]
[Black "Gines Esteo, Pedro Antonio"]
[Result "0-1"]
[ECO "A13"]
[WhiteElo "2459"]
[BlackElo "2490"]
[Annotator "RC"]
[PlyCount "148"]
[EventDate "2023.10.26"]
[EventType "swiss"]
[EventCountry "ESP"]
[SourceTitle "playchess.com"]
[Source "ChessBase"]
[SourceQuality "1"]
[TimeControl "5400+30"]

1. Nf3 d5 2. g3 b6 3. Bg2 Bb7 4. c4 dxc4 5. Qa4+ Nd7 6. Qxc4 e6 7. O-O c5 8. Nc3 Ngf6 9. e4 Be7 10. d4 Nxe4 11. d5 Nd6 12. Qg4 h5 13. Qa4 b5 14. Nxb5 Bxd5 15. Nc3 O-O 16. Rd1 Nb6 17. Qc2 Nf5 18. Nxd5 Nxd5 19. Bh3 Nd4 20. Nxd4 cxd4 21. Rxd4 Rc8 22. Qe2 Bf6 23. Rd1 Qb6 24. Rxd5 exd5 25. Bxc8 Rxc8 26. Be3 d4 27. Bf4 h4 28. Rd1 Qa5 29. b3 Qd5 30. gxh4 Rc3 31. Bg3 d3 32. Qe8+ Kh7 33. Qe3 Bd4 34. Qf4 Rc2 35. h5 Re2 36. Qg4 Re4 37. Qh3 d2 38. Qf1 Bb6 39. h4 f5 40. b4 f4 41. Bh2 f3 42. Bg3 Re2 43. Kh2 a6 44. h6 gxh6 45. a4 h5 46. b5 axb5 47. axb5 Kg6 48. Qg1 Kf7 49. Qf1 Qe6 50. Qh3 Be3 51. Qxe6+ Kxe6 52. b6 Bxb6 53. Bf4 Bxf2 54. Rxd2 Kf5 55. Rxe2 fxe2 56. Bd2 Ke4 57. Kg2 Kd3 58. Bb4 Bxh4 59. Kf3 Bg5 60. Be1 Be7 61. Ba5 Bg5 62. Be1 Bd2 63. Bg3 Bc3 64. Bf2 Kd2 65. Bh4 Kd1 66. Bg3 Be5 67. Bh4 Bf6 68. Bf2 Bc3 69. Bg3 Be1 70. Bd6 h4 71. Be7 h3 72. Bd6 Bh4 73. Bb4 e1=Q 74. Bxe1 Kxe1 0-1

[Event "XIII Mediterranean Championship 2023"]
[Site "Castell-Platja d Aro"]
[Date "2023.11.09"]
[Round "7.3"]
[White "Rojano Alfonso, Carlos"]
[Black "Alexakis, Dimitris"]
[Result "1/2-1/2"]
[ECO "B47"]
[WhiteElo "2207"]
[BlackElo "2458"]
[Annotator "RC"]
[PlyCount "150"]
[EventDate "2023.10.26"]
[EventType "swiss"]
[EventCountry "ESP"]
[SourceTitle "playchess.com"]
[Source "ChessBase"]
[SourceQuality "1"]
[TimeControl "5400+30"]

1. e4 c5 2. Nf3 Nc6 3. d4 cxd4 4. Nxd4 e6 5. Nc3 Qc7 6. Nxc6 bxc6 7. Bd3 Nf6 8. Qe2 e5 9. O-O h5 10. Kh1 h4 11. Bg5 Rb8 12. Bc4 Be7 13. Rad1 Rxb2 14. Bb3 Qa5 15. Qf3 d6 16. Bxf6 gxf6 17. Na4 Rxb3 18. axb3 h3 19. g3 Be6 20. c4 Qb4 21. Qe3 Qb7 22. Kg1 O-O 23. f4 Bg4 24. Rd3 Kg7 25. Ra1 a5 26. Nb2 Qc7 27. Nd1 d5 28. Nf2 d4 29. Qe1 Bb4 30. Qf1 f5 31. Nxg4 fxg4 32. Qe2 Qd7 33. f5 Rh8 34. Qxg4+ Kf6 35. Qe2 Qd8 36. g4 Qg8 37. Rg3 Qg5 38. Qf3 Rh4 39. Kh1 Bd2 40. b4 axb4 41. Ra6 Qe3 42. g5+ Ke7 43. f6+ Kd6 44. g6 Qxf3+ 45. Rxf3 Rxe4 46. Ra1 fxg6 47. f7 Bh6 48. Rxh3 Rf4 49. Rxh6 Rxf7 50. Rxg6+ Kc5 51. Ra5+ Kxc4 52. Rxc6+ Kd3 53. Rxe5 Rb7 54. Re1 b3 55. Rcc1 b2 56. Rcd1+ Kc3 57. h3 d3 58. Kg2 d2 59. Rf1 Rg7+ 60. Kh2 Rc7 61. Rb1 Kb3 62. Rfd1 Rc2 63. Kg2 Ka2 64. Kf2 Rc3 65. Kg2 Rd3 66. h4 Kb3 67. Kf2 Kc3 68. h5 Rd6 69. Ke3 Re6+ 70. Kf4 Kc2 71. Rh1 Rd6 72. Rhd1 Rd5 73. Kg4 Rd4+ 74. Kg3 Rd5 75. Kg4 Rd4+ 1/2-1/2

[Event "XIII Mediterranean Championship 2023"]
[Site "Castell-Platja d Aro"]
[Date "2023.11.09"]
[Round "7.4"]
[White "Garcia Ramos, Daniel"]
[Black "Narciso Dublan, Marc"]
[Result "0-1"]
[ECO "B12"]
[WhiteElo "2455"]
[BlackElo "2401"]
[Annotator "RC"]
[PlyCount "86"]
[EventDate "2023.10.26"]
[EventType "swiss"]
[EventCountry "ESP"]
[SourceTitle "playchess.com"]
[Source "ChessBase"]
[SourceQuality "1"]
[TimeControl "5400+30"]

1. e4 c6 2. d4 d5 3. e5 c5 4. dxc5 e6 5. a3 Bxc5 6. Qg4 Ne7 7. Nf3 O-O 8. Bd3 f5 9. exf6 Rxf6 10. Qh5 g6 11. Qh4 Rf7 12. O-O Nbc6 13. c4 Bd7 14. Nc3 Rxf3 15. gxf3 Nd4 16. Kg2 Qf8 17. Qf4 Nef5 18. Bxf5 Nxf5 19. Re1 Qf7 20. Re5 Rf8 21. Bd2 Nh4+ 22. Kg3 Nxf3 23. Qxf7+ Rxf7 24. Re2 Nd4 25. Rae1 Nxe2+ 26. Rxe2 Bc6 27. f4 dxc4 28. Rxe6 Rd7 29. Be3 Rd3 30. Kf2 Rd2+ 31. Ne2 Kf7 32. Re5 Bxe3+ 33. Kxe3 Rxb2 34. Kd4 Rb3 35. Kxc4 Rxa3 36. Nd4 Rh3 37. Re2 Rh4 38. Rf2 Kf6 39. f5 g5 40. Re2 Bb5+ 41. Kxb5 Rxd4 42. Kc5 Rh4 43. Rf2 Rf4 0-1

[Event "XIII Mediterranean Championship 2023"]
[Site "Castell-Platja d Aro"]
[Date "2023.11.09"]
[Round "7.5"]
[White "Ayats Llobera, Gerard"]
[Black "Vehi Bach, Victor Manuel"]
[Result "1-0"]
[ECO "E48"]
[WhiteElo "2442"]
[BlackElo "2216"]
[Annotator "RC"]
[PlyCount "69"]
[EventDate "2023.10.26"]
[EventType "swiss"]
[EventCountry "ESP"]
[SourceTitle "playchess.com"]
[Source "ChessBase"]
[SourceQuality "1"]
[TimeControl "5400+30"]

1. d4 Nf6 2. c4 e6 3. Nc3 Bb4 4. e3 O-O 5. Bd3 d5 6. cxd5 exd5 7. Nge2 c5 8. a3 cxd4 9. axb4 dxc3 10. Nxc3 Nc6 11. b5 Nb4 12. Bb1 a5 13. bxa6 Rxa6 14. Ra4 Qe7 15. O-O Bd7 16. Rxa6 bxa6 17. Qd4 Rc8 18. Bd2 a5 19. f3 Qc5 20. Ne2 Qb5 21. Nc3 Qc4 22. Qxc4 Rxc4 23. Na2 Nxa2 24. Bxa2 Rc5 25. Bc3 a4 26. Rd1 Bc6 27. Bd4 Rb5 28. Rc1 Bb7 29. Rc7 h5 30. Kf2 Ne8 31. Rd7 Nf6 32. Rd8+ Kh7 33. Bb1+ Kh6 34. Rh8+ Kg5 35. g3 1-0

[Event "XIII Mediterranean Championship 2023"]
[Site "Castell-Platja d Aro"]
[Date "2023.11.09"]
[Round "7.6"]
[White "Jimenez Ruano, Adrian"]
[Black "Trepat Herranz, Joan"]
[Result "1/2-1/2"]
[ECO "E25"]
[WhiteElo "2281"]
[BlackElo "2385"]
[Annotator "RC"]
[PlyCount "38"]
[EventDate "2023.10.26"]
[EventType "swiss"]
[EventCountry "ESP"]
[SourceTitle "playchess.com"]
[Source "ChessBase"]
[SourceQuality "1"]
[TimeControl "5400+30"]

1. d4 Nf6 2. c4 e6 3. Nc3 Bb4 4. f3 d5 5. a3 Bxc3+ 6. bxc3 c5 7. cxd5 Nxd5 8. dxc5 Qa5 9. e4 Ne7 10. Be3 O-O 11. Qb3 Qc7 12. a4 Nec6 13. Bb5 Na5 14. Qa3 e5 15. Ne2 Rd8 16. Ng3 a6 17. Be2 Be6 18. O-O Nd7 19. Rab1 Re8 1/2-1/2

[Event "XIII Mediterranean Championship 2023"]
[Site "Castell-Platja d Aro"]
[Date "2023.11.09"]
[Round "7.7"]
[White "Lacasa Diaz, Jose Antonio"]
[Black "Hernando Rodrigo, Julio Antonio"]
[Result "1-0"]
[ECO "C18"]
[WhiteElo "2353"]
[BlackElo "2202"]
[Annotator "RC"]
[PlyCount "105"]
[EventDate "2023.10.26"]
[EventType "swiss"]
[EventCountry "ESP"]
[SourceTitle "playchess.com"]
[Source "ChessBase"]
[SourceQuality "1"]
[TimeControl "5400+30"]

1. e4 e6 2. d4 d5 3. Nc3 Bb4 4. e5 c5 5. a3 Bxc3+ 6. bxc3 Ne7 7. Qg4 Nf5 8. Bd3 h5 9. Qf4 Qh4 10. Qxh4 Nxh4 11. Bg5 Nf5 12. Nf3 cxd4 13. cxd4 b6 14. a4 Ba6 15. Bxf5 exf5 16. a5 bxa5 17. Rxa5 Bc4 18. Rc5 Na6 19. Rc6 Nb4 20. Rd6 Nxc2+ 21. Kd2 Na3 22. Ra1 Nb5 23. Rda6 Rb8 24. Ke3 O-O 25. Nd2 f6 26. exf6 Rbe8+ 27. Kf4 Nxd4 28. Nxc4 dxc4 29. f3 Rf7 30. Rxa7 g6 31. Kg3 f4+ 32. Kh4 Nf5+ 33. Kh3 c3 34. Rxf7 Kxf7 35. Ra7+ Ke6 36. Rc7 Nd4 37. Rxc3 Rf8 38. Ra3 Kf5 39. Ra5+ Ke6 40. Bxf4 Rxf6 41. Ra6+ Kf7 42. Rxf6+ Kxf6 43. Bc1 Ne2 44. Bb2+ Kg5 45. g3 Kf5 46. Kg2 h4 47. Kf2 hxg3+ 48. hxg3 Nxg3 49. Kxg3 Kg5 50. Bc1+ Kf5 51. Bd2 Ke5 52. Kg4 Kf6 53. Bc3+ 1-0

[Event "XIII Mediterranean Championship 2023"]
[Site "Castell-Platja d Aro"]
[Date "2023.11.09"]
[Round "7.8"]
[White "Domene Mulyukov, Alexander"]
[Black "Masague Artero, Guerau"]
[Result "1-0"]
[ECO "B31"]
[WhiteElo "2198"]
[BlackElo "2305"]
[Annotator "RC"]
[PlyCount "99"]
[EventDate "2023.10.26"]
[EventType "swiss"]
[EventCountry "ESP"]
[SourceTitle "playchess.com"]
[Source "ChessBase"]
[SourceQuality "1"]
[TimeControl "5400+30"]

1. e4 c5 2. Nf3 Nc6 3. Bb5 g6 4. O-O Bg7 5. Re1 Nf6 6. e5 Nd5 7. Nc3 Nc7 8. Bxc6 dxc6 9. h3 b6 10. d3 Ne6 11. a4 a5 12. Be3 Nd4 13. Bf4 h6 14. Ne4 Be6 15. Nfd2 g5 16. Bh2 Qc7 17. Nf6+ Kf8 18. Nh5 Rd8 19. g4 Qd7 20. c3 Nf5 21. gxf5 Bxf5 22. Nc4 Bxh3 23. e6 Bxe6 24. Nxb6 Qe8 25. Nxg7 Kxg7 26. Rxe6 fxe6 27. Be5+ Kg6 28. Bxh8 Qxh8 29. Qe2 Qf6 30. Re1 Kf7 31. Qe4 Qf5 32. Nc4 Kf6 33. Re3 g4 34. Qxf5+ exf5 35. Nxa5 f4 36. Re4 Kf5 37. Nxc6 Rxd3 38. Re5+ Kf6 39. Re1 h5 40. a5 Rd6 41. Ne5 f3 42. Nc4 Rc6 43. Ra1 Ra6 44. b4 cxb4 45. cxb4 Kf5 46. b5 Ra8 47. b6 Kf4 48. Nd2 Rg8 49. Ra4+ Kf5 50. Nf1 1-0

[Event "XIII Mediterranean Championship 2023"]
[Site "Castell-Platja d Aro"]
[Date "2023.11.09"]
[Round "7.9"]
[White "Alsina Leal, Daniel"]
[Black "Valle Luis, Leo"]
[Result "1/2-1/2"]
[ECO "B12"]
[WhiteElo "2531"]
[BlackElo "2216"]
[Annotator "RC"]
[PlyCount "259"]
[EventDate "2023.10.26"]
[EventType "swiss"]
[EventCountry "ESP"]
[SourceTitle "playchess.com"]
[Source "ChessBase"]
[SourceQuality "1"]
[TimeControl "5400+30"]

1. e4 c6 2. d4 d5 3. e5 c5 4. Nf3 Bg4 5. dxc5 e6 6. b4 a5 7. c3 axb4 8. cxb4 Qc7 9. Bb5+ Nc6 10. Nbd2 b6 11. O-O bxc5 12. Nb3 Nge7 13. Nxc5 Nf5 14. Na6 Rxa6 15. Bxa6 Bxb4 16. Bb5 O-O 17. Bxc6 Qxc6 18. Bb2 Qa6 19. h3 Bxf3 20. Qxf3 Bc5 21. Rfe1 h6 22. a4 Rb8 23. Qe2 Qa7 24. Ra2 Ng3 25. Qf3 Ne4 26. Bc1 Qa5 27. Rf1 Rb4 28. Bd2 Nxd2 29. Rxd2 Rxa4 30. Rc2 Ra2 31. Rxa2 Qxa2 32. Rc1 Qa7 33. g3 Qa3 34. Qxa3 Bxa3 35. Rc7 Bb2 36. f4 f6 37. Re7 fxe5 38. fxe5 Bxe5 39. Kg2 Bf6 40. Rxe6 Kf7 41. Rd6 d4 42. Kf3 Be5 43. Ra6 d3 44. Ra3 d2 45. Rd3 Bc3 46. Ke4 h5 47. Kd5 Kg6 48. Ke6 Ba5 49. Rd5 Bc7 50. Rxd2 Bxg3 51. Rg2 h4 52. Ra2 Bc7 53. Ra4 Bd8 54. Rg4+ Kh6 55. Kf5 Bf6 56. Ra4 Kh7 57. Ra8 Be7 58. Rc8 Bf6 59. Re8 Bd4 60. Kg5 Bf2 61. Re4 Bg3 62. Re2 Bc7 63. Kxh4 Kh6 64. Re8 g6 65. Kg4 Ba5 66. Rh8+ Kg7 67. Ra8 Bd2 68. Rd8 Bc1 69. Rd5 Kh6 70. Kf3 Bg5 71. Rb5 Bd2 72. Ke4 Bc3 73. Rc5 Ba1 74. Rd5 Kg7 75. Ra5 Bb2 76. Rb5 Bc3 77. Kd5 Kf7 78. Rb3 Bf6 79. Rb7+ Kg8 80. Ke6 Bd4 81. Rf7 Bb2 82. Rf2 Bd4 83. Rg2 Kg7 84. Rg4 Bc3 85. Rc4 Bb2 86. Rc7+ Kg8 87. Kd5 Bg7 88. Ke4 Kh7 89. Kf4 Kh6 90. Rb7 Bc3 91. Ke4 Kg5 92. Rf7 Kh4 93. Rf3 Be1 94. Kf4 g5+ 95. Kf5 Bg3 96. Re3 Kxh3 97. Kxg5 Kg2 98. Kg4 Bh2 99. Re2+ Kh1 100. Kh3 Bg1 101. Kg3 Bc5 102. Rd2 Bb6 103. Rc2 Bd4 104. Rc1+ Bg1 105. Rc8 Bh2+ 106. Kh3 Bg1 107. Rc2 Bb6 108. Rb2 Bg1 109. Ra2 Bd4 110. Rh2+ Kg1 111. Rd2 Be3 112. Re2 Bb6 113. Rb2 Bd4 114. Rd2 Bb6 115. Rc2 Bd4 116. Ra2 Kh1 117. Rd2 Bg1 118. Kg3 Bb6 119. Rh2+ Kg1 120. Rb2 Bc7+ 121. Kh3 Be5 122. Rd2 Bc7 123. Rg2+ Kh1 124. Rc2 Bb6 125. Rh2+ Kg1 126. Rb2 Bc5 127. Rc2 Bb6 128. Ra2 Kh1 129. Rh2+ Kg1 130. Rb2 1/2-1/2